 Dungeon Crawl Stone Soup version 0.18-a0-596-g6468885 (webtiles) character file.

85 Raultor the Insei (level 4, -13/28 HPs)
             Began as an Octopode Transmuter on Dec 3, 2015.
             Mangled by Crazy Yiuf
             ... wielding a +4 quarterstaff of chaos
              (15 damage)
             ... on level 2 of the Dungeon.
             The game lasted 00:07:26 (2016 turns).

Raultor the Insei (Octopode Transmuter)             Turns: 2016, Time: 00:07:26

Health: -13/28     AC:  1    Str: 10    XL:     4   Next: 48%
Magic:  0/7        EV: 13    Int: 15    God:
Gold:   163        SH:  0    Dex: 14    Spells: 3 memorised, 1 level left

rFire  . . .     SeeInvis .       - Unarmed
rCold  . . .     Clarity  .     (no shield)
rNeg   . . .     SustAt   .     (helmet restricted)
rPois  .         Gourm    .     f - amulet of guardian spirit
rElec  .         Spirit   +     e - +2 ring of dexterity
rCorr  .         Dismiss  .     (no ring)
rMut   .         Stasis   .     (no ring)
MR     .....                    (no ring)
Stlth  ++........               (no ring)
                                (no ring)
                                (no ring)
                                (no ring)

@: not resistant to hostile enchantments, unstealthy
A: almost no armour, amphibious, 8 rings, constrict 8, camouflage 1, gelatinous
body 1
a: no special abilities


You were on level 2 of the Dungeon.
You were not hungry.

You visited 1 branch of the dungeon, and saw 2 of its levels.

You collected 163 gold pieces.

Inventory:

Missiles
 a - 36 arrows
 l - 16 poisoned needles
Jewellery
 e - a +2 ring of dexterity (left tentacle)
 f - an amulet of guardian spirit (around mantle)
Wands
 n - a wand of magic darts (21)
 o - a wand of polymorph (5)
Scrolls
 d - 4 scrolls of identify {unknown}
 g - a scroll of teleportation
 h - a scroll of remove curse
 j - a scroll of enchant weapon {unknown}
 k - a scroll of noise {unknown}
 m - 2 scrolls of enchant armour {unknown}
Potions
 i - 3 potions of curing {unknown}
 p - 2 potions of invisibility {unknown}
 q - a potion of might {unknown}
Books
 b - a book of Changes

   Spells                             Type                      Level
   a - Beastly Appendage              Transmutation                1
   b - Sticks to Snakes               Transmutation                2
   c - Spider Form                    Transmutation/Poison         3
   d - Ice Form                       Ice/Transmutation            4
   e - Blade Hands                    Transmutation                5
Comestibles
 c - 2 bread rations


   Skills:
 - Level 1.0 Fighting
 + Level 2.6 Dodging
 + Level 3.6 Unarmed Combat
 - Level 2.0 Spellcasting
 * Level 3.6 Transmutations


You had one spell level left.
You knew the following spells:

 Your Spells              Type           Power        Failure   Level  Hunger
a - Beastly Appendage     Trmt           ##....       6%          1    #......
b - Spider Form           Trmt/Pois      #.........   34%         3    ###....
c - Sticks to Snakes      Trmt           ##......     10%         2    ###....


Dungeon Overview and Level Annotations

Branches:
Dungeon (2/15)

Altars:
Pakellas

Annotations:
D:2 Crazy Yiuf


Innate Abilities, Weirdness & Mutations

You cannot wear most types of armour.
You are amphibious.
You can wear up to eight rings at the same time.
You can use your tentacles to constrict eight enemies at once.
Your skin changes colour to match your surroundings (Stealth).
Your rubbery body absorbs attacks (AC +1).


Message History

You see here a mace.
Crazy Yiuf the Enlightened comes into view.
He is wielding a quarterstaff of chaos.
The helpless Crazy Yiuf fails to defend himself.
You tentacle-slap Crazy Yiuf. You grab Crazy Yiuf.
Crazy Yiuf is moderately wounded.
You constrict Crazy Yiuf, but do no damage.
Crazy Yiuf says, "Crazy?
Crazy!?
PORCUPINE!"
Crazy Yiuf hits you with a quarterstaff of chaos!
You are electrocuted!
Casting: Spider Form
Confirm with . or Enter, or press ? or * to list all spells.
You don't have enough magic to cast that spell.
You tentacle-slap Crazy Yiuf.
Crazy Yiuf is moderately wounded.
You constrict Crazy Yiuf.
Crazy Yiuf hits you with a quarterstaff of chaos!
* * * LOW HITPOINT WARNING * * *
You are electrocuted!
Ouch! That really hurt!
You die...

....# #.PP## ##.###.####. ###.#
##.## ##.......#. #.######## #.##
##.###.##... ##........# ##.#
#.####.####. ##.......### #.##
##.......##. #..#####.# ##.#
#.<..#.#.##. .........## ##.##
##.#.#...... .#.#####..## #...#
##.#.###.### .#.........# #.@.#
#......#.# (..#####.### #.g)#
#...(#.#.# # .........### #####
##.###.#.### ...#####...#
##.......##. ...........###
###.#...#..#..
...#####.....#######......###....
...........................#.....
......###..(.########.#......#...
....#.# #..#.# #.##.######..


You could see Crazy Yiuf.

Vanquished Creatures
  4 adders (D:2)
  A worm (D:2)
  5 giant geckos
  7 bats
  4 giant cockroaches
  3 hobgoblins (D:1)
  5 kobolds
  2 quokkas (D:2)
  4 giant newts
  6 goblins
  6 rats
47 creatures vanquished.

Notes
Turn   | Place    | Note
--------------------------------------------------------------
     0 | D:1      | Raultor the Octopode Transmuter began the quest for the Orb.
     0 | D:1      | Reached XP level 1. HP: 13/13 MP: 3/3
   163 | D:1      | Reached XP level 2. HP: 16/18 MP: 5/5
   793 | D:1      | Reached XP level 3. HP: 20/23 MP: 3/6
   928 | D:2      | Found a faded altar to an unknown god.
  1260 | D:2      | Reached XP level 4. HP: 21/28 MP: 7/7
  1417 | D:2      | Learned a level 3 spell: Spider Form
  1542 | D:2      | Found an oddly glowing altar of Pakellas.
  1779 | D:2      | Learned a level 2 spell: Sticks to Snakes
  2009 | D:2      | Noticed Crazy Yiuf
  2016 | D:2      | Mangled by Crazy Yiuf

Vault maps used:
D:1:      dpeg_arrival_rooms_c, kennysheep_decorative_pillar
D:2:      grunt_pakellas_sulfur, ecumenical_altar_1, minmay_misc_feat_rows,
          uniq_crazy_yiuf_cottage

Action                   |  1- 3 |  4- 6 || total
-------------------------+-------+-------++-------
Melee: Unarmed           |    78 |    34 ||   112
  Use: Scroll            |     2 |       ||     2
 Stab: Sleeping          |     7 |     8 ||    15
  Eat: Chunk             |       |     4 ||     4
